 Dungeon Crawl Stone Soup version 0.22.1-6-g1668fe2 (webtiles) character file.

56 Gadfly the Cutter (level 4, 0/29 HPs)
             Began as a Kobold Monk on Feb 8, 2019.
             Killed from afar by Sigmund (8 damage)
             ... with a magic dart
             ... on level 2 of the Dungeon.
             The game lasted 00:03:38 (1808 turns).

Gadfly the Cutter (Kobold Monk)                     Turns: 1808, Time: 00:03:39

Health: 0/29       AC:  2    Str:  5 (8)  XL:     4   Next: 17%
Magic:  4/4        EV: 17    Int:  8 (11) God:
Gold:   64         SH:  0    Dex: 15 (18) Spells: 3/3 levels left

rFire    + . .     SeeInvis .   m - +0 dagger
rCold    . . .     Gourm    .   (shield restricted)
rNeg     . . .     Faith    .   b - +0 robe
rPois    .         Spirit   .   (no helmet)
rElec    .         Reflect  .   (no cloak)
rCorr    .         Harm     .   (no gloves)
MR       +....                  (no boots)
Stlth    ++........             (no amulet)
HPRegen  0.09/turn              d - ring of attention (curse)
MPRegen  0.09/turn              g - ring of protection from fire

@: no status effects
A: small, carnivore, magic resistance 1, sturdy frame 1
a: no special abilities


You were on level 2 of the Dungeon.
You were completely stuffed.

You visited 1 branch of the dungeon, and saw 2 of its levels.

You collected 64 gold pieces.

Inventory:

Hand Weapons
 a - a +0 short sword
 m - a +0 dagger (weapon)
Armour
 b - a +0 robe (worn)
Jewellery
 d - a cursed ring of attention (left hand)
 g - a ring of protection from fire (right hand)
 l - an uncursed ring of protection from cold {unknown}
Scrolls
 i - 2 scrolls of remove curse {unknown}
 j - a scroll of fog {unknown}
 n - a scroll of teleportation {unknown}
 o - a scroll of enchant weapon {unknown}
Comestibles
 c - 3 rations
 h - a chunk of flesh


   Skills:
 + Level 3.7 Fighting
 + Level 4.6 Short Blades
 + Level 4.1 Dodging
 * Level 4.3 Stealth


You had 3 spell levels left.
You didn't know any spells.
Your spell library was empty.

Dungeon Overview and Level Annotations

Branches:
Dungeon (2/15)

Altars:
Makhleb

Annotations:
D:2 Sigmund


Innate Abilities, Weirdness & Mutations

You are small and have problems with some larger weapons.
You are carnivorous and can eat meat at any time.
You are resistant to hostile enchantments. (MR+)
Your movements are slightly less encumbered by armour. (ER -2)


Message History

Sigmund flickers and vanishes!
Deactivating autopickup; reactivate with Ctrl-A.
You miss something. Something hits you.
You hit something but do no damage.
You hear some strange, mumbled words.
You are confused.
You're too confused to move!
A magic dart appears from out of thin air!
The magic dart hits you!
You bump into the rock wall.
Something hits you!
You feel less confused.
A puff of flame appears from out of thin air!
The puff of flame hits you! You resist.
A magic dart appears from out of thin air!
The magic dart hits you!
* * * LOW HITPOINT WARNING * * *
You see here a kobold corpse.
A magic dart appears from out of thin air!
The magic dart hits you!
You die...

########### ########
#@..†.{...# .......#
#.#######.# ######.#
#.#.....#.# #.#
#####.#.###.#.#
#.#####...#.#...#.#.#
######..÷.......<#.#.#.#.#
.......####..#.#<..#.#.#.#
....#..# ##.#.#.#.....#.#
......## #.#.#.#.....#.#


There were no monsters in sight!

Vanquished Creatures
  An adder (D:2)
  An ooze (D:2)
  2 leopard geckos (D:2)
  9 bats
  3 giant cockroaches
  2 goblins (D:2)
  2 hobgoblins
  4 jackals
  3 frilled lizards
  8 kobolds
  5 rats
40 creatures vanquished.

Vanquished Creatures (others)
  2 goblins (D:1)
  A kobold (D:1)
3 creatures vanquished.

Grand Total: 43 creatures vanquished

Notes
Turn   | Place    | Note
-------+----------+-------------------------------------------
     0 | D:1      | Gadfly the Kobold Monk began the quest for the Orb.
     0 | D:1      | Reached XP level 1. HP: 14/14 MP: 1/1
   238 | D:1      | Reached XP level 2. HP: 14/19 MP: 2/2
   733 | D:2      | Reached XP level 3. HP: 11/23 MP: 3/3
  1459 | D:2      | Reached XP level 4. HP: 29/29 MP: 4/4
  1655 | D:2      | Found a burning altar of Makhleb.
  1751 | D:2      | Noticed Sigmund
  1760 | D:2      | Gained mutation: You are resistant to hostile enchantments.
                  | (MR+) [potion of mutation]
  1760 | D:2      | Gained mutation: Your movements are slightly less
                  | encumbered by armour. (ER -2) [potion of mutation]
  1808 | D:2      | Killed from afar by Sigmund

Skill      XL: |  1  2  3 |
---------------+----------+-----
Stealth        | 3 4 |  4.3
Dodging        | 4 |  4.1
Fighting       | |  3.7
Short Blades   | |  4.6

Action                   |  1- 3 |  4- 6 || total
-------------------------+-------+-------++-------
Melee: Short sword       |    66 |       ||    66
       Dagger            |    81 |    30 ||   111
  Use: Potion            |       |     3 ||     3
 Stab: Distracted        |     3 |       ||     3
       Sleeping          |     1 |     1 ||     2
  Eat: Chunk             |    10 |     1 ||    11
Armor: Robe              |    23 |       ||    23
Dodge: Dodged            |   140 |    17 ||   157
